AoeStats
← fat_dgk

Nomad

507002346Analyzed
4v4 RM · 17d ago on Sep 16, 2026· 44m 17s· 8 players
Game mode
Random Map
Map size
231×231
Population
200
Speed
Normal
Resources
Standard
Victory
Conquest
Starting age
Dark Age
Ending age
Imperial Age
RankedLock teamsTeams togetherTeam positionsShared explorationLock speedFull tech treeHidden civsTurbo modeCheats
Victory
Defeat
🇫🇷 Muisca · France
1366
+14
🇲🇽 Italians · Mexico
1353
+14
🇺🇸 Persians · United States
1281
+17
🇨🇱 Bohemians · Chile
1253
+18
🇺🇸 Vietnamese · United States
1398
-20
🇺🇾 Spanish · Uruguay
1343
-17
🇦🇷 Persians · Argentina
1322
-16
🇨🇱 Mongols · Chile
1167
-10
Ziton127
14:15 Feudal Age
14:50 Double-Bit Axe
17:52 Castle Age
16:22 Stone Mining
16:44 Loom
19:02 Bow Saw
22:54 Fletching
25:15 Bodkin Arrow
37:07 Horse Collar
41:33 Imperial Age
42:30 Bracer
43:41 Chemistry
Showergod
12:23 Feudal Age
14:52 Loom
18:08 Castle Age
15:55 Double-Bit Axe
16:28 Gold Mining
18:40 Scale Barding Armor
21:54 Stone Mining
22:47 Horse Collar
23:56 Heavy Plow
24:59 Wheelbarrow
24:40 Bow Saw
28:17 Hand Cart
29:20 Bloodlines
32:36 Imperial Age
31:10 Fletching
31:21 Padded Archer Armor
32:02 Gold Shaft Mining
32:24 Forging
31:45 Crossbowman
32:50 Kamandaran
32:53 Squires
33:55 Two-Man Saw
32:47 Fishing Lines
34:55 Ballistics
35:36 Chemistry
35:34 Conscription
35:40 Bodkin Arrow
36:27 Thumb Ring
36:49 Leather Archer Armor
37:34 Elite War Elephant
38:46 Ring Archer Armor
38:56 Devotion
40:56 Iron Casting
40:42 Chain Barding Armor
43:20 Blast Furnace
43:04 Medium Warships
43:48 Plate Barding Armor
45:00 Heavy Warships
The REAL Pepsiman
6:09 Loom
14:19 Feudal Age
18:03 Castle Age
17:30 Fletching
17:42 Padded Archer Armor
21:00 Bodkin Arrow
22:50 Leather Archer Armor
24:03 Ballistics
36:37 Scale Mail Armor
36:48 Forging
38:15 Fervor
38:27 Sanctity
39:05 Masonry
43:46 Redemption
46:47 Imperial Age
fat_dgk
5:11 Loom
15:29 Feudal Age
19:30 Castle Age
20:57 Fletching
21:40 Fervor
23:53 Sanctity
24:56 Double-Bit Axe
30:39 Wheelbarrow
32:07 Bow Saw
33:37 Bodkin Arrow
35:47 Horse Collar
37:08 Pikeman
37:48 Squires
37:50 Scale Mail Armor
38:01 Forging
41:25 Hand Cart
45:54 Imperial Age
43:39 Devotion
DC-Jota
4:05 Loom
14:29 Feudal Age
15:10 Double-Bit Axe
16:42 Wheelbarrow
16:08 Town Watch
21:46 Castle Age
19:38 Stone Mining
19:50 Fishing Lines
20:25 Gold Mining
23:11 Bow Saw
22:42 Horse Collar
24:08 Wheelbarrow
24:13 Fletching
24:48 Medium Warships
24:29 Gillnets
25:04 Horse Collar
28:16 Bodkin Arrow
28:22 Padded Archer Armor
28:52 Padded Archer Armor
30:32 Hand Cart
34:37 Imperial Age
32:47 Leather Archer Armor
32:39 Scale Barding Armor
32:44 Forging
33:09 Chatras
34:24 Scale Barding Armor
34:29 Forging
35:11 Bloodlines
35:01 Husbandry
37:00 Chain Barding Armor
37:51 Iron Casting
39:20 Light Cavalry
40:39 Bracer
41:18 Plate Barding Armor
rama xstar
4:50 Loom
15:17 Feudal Age
19:43 Castle Age
22:34 Double-Bit Axe
22:59 Gold Mining
PNAL | ToroARG
13:59 Feudal Age
14:44 Double-Bit Axe
15:59 Fletching
19:36 Castle Age
19:05 Scale Barding Armor
19:10 Forging
19:11 Gold Mining
20:03 Loom
20:31 Bow Saw
20:36 Medium Warships
21:02 Bodkin Arrow
22:38 Town Watch
23:29 Wheelbarrow
26:14 Wheelbarrow
28:50 Gold Shaft Mining
37:31 Imperial Age
38:17 Hand Cart
40:49 Horse Collar
SAIBOT
4:39 Loom
15:05 Feudal Age
19:43 Castle Age
26:35 Double-Bit Axe
Connection lost

Rejoining the realm…

Still unreachable

The connection could not be restored.

Session expired

The server has moved on; the page needs a fresh start.